 Dungeon Crawl Stone Soup version 0.20.1-1-g8b1a95d (webtiles) character file.

37 con220 the Conjurer (level 3, 0/28 HPs)
             Began as a Draconian Conjurer on Nov 7, 2017.
             Succumbed to an adder's poison
             ... on level 2 of the Dungeon.
             The game lasted 00:07:51 (1244 turns).

con220 the Conjurer (Draconian Conjurer)            Turns: 1244, Time: 00:07:51

Health: 0/28       AC:  5    Str: 10    XL:     3   Next: 23%
Magic:  5/6        EV: 12    Int: 16    God:
Gold:   46         SH:  0    Dex: 11    Spells: 5/6 levels left

rFire    . . .     SeeInvis .   c - +0 dagger
rCold    . . .     Gourm    .   (no shield)
rNeg     . . .     Faith    .   (armour unavailable)
rPois    .         Spirit   .   (helmet restricted)
rElec    .         Reflect  .   (no cloak)
rCorr    .         Harm     .   (no gloves)
MR       .....                  (no boots)
Stlth    ++........             (no amulet)
Regen    0.1/turn               (no ring)
MPRegen  0.1/turn               (no ring)

@: lethally poisoned (0 -> -3), berserk cooldown, very slightly contaminated,
slowed, invisible, very slow
A: unfitting armour, cold-blooded, AC +5
a: no special abilities


You were on level 2 of the Dungeon.
You were not hungry.

You visited 1 branch of the dungeon, and saw 2 of its levels.

You collected 46 gold pieces.

Inventory:

Hand Weapons
 c - a +0 dagger (weapon)
 f - a +0 dagger
Scrolls
 e - a scroll of amnesia
Books
 a - a book of Conjurations

   Spells                             Type                      Level
   a - Magic Dart                     Conjuration                  1
   b - Searing Ray                    Conjuration                  2
   c - Dazzling Spray                 Conjuration/Hexes            3
   d - Fulminant Prism                Conjuration/Hexes            4
   e - Force Lance                    Conjuration/Translocation    4
   f - Iskenderun's Mystic Blast      Conjuration                  4
Comestibles
 b - 2 bread rations


   Skills:
 * Level 1.3 Fighting
 * Level 0.4 Short Blades
 + Level 1.9 Dodging
 - Level 1.9 Stealth
 - Level 0.2 Unarmed Combat
 * Level 2.1 Spellcasting
 + Level 4.4 Conjurations


You had 5 spell levels left.
You knew the following spells:

 Your Spells              Type           Power        Failure   Level  Hunger
a - Magic Dart            Conj           ###.         3%          1    #......


Dungeon Overview and Level Annotations

Branches:
Dungeon (2/15)

Altars:


Innate Abilities, Weirdness & Mutations

Your plain brown scales are hard. (AC +5)
You cannot fit into any form of body armour.
You are cold-blooded and may be slowed by cold attacks.


Message History

You feel sick.
You see here an adder corpse.
You feel a strong urge to attack something.
You feel your anger subside.
You are no longer berserk.
You are exhausted.
You feel yourself slow down.
* * * LOW HITPOINT WARNING * * *
You feel sick.
As you read the scroll labeled QEMMOL HESEACK, it crumbles to dust.
It is a scroll of identify.
f - a +0 dagger
As you read the scroll labeled MEIDAS YM KIA, it crumbles to dust.
It is a scroll of amnesia.
Forget which spell ([?*] list [ESC] exit)?
Forget which spell ([?*] list [ESC] exit)?
Forget which spell ([?*] list [ESC] exit)?
Forget which spell ([?*] list [ESC] exit)?
Forget which spell ([?*] list [ESC] exit)?
Okay, then.
You die...

........#######......#
.....................#
........####.........#
........# #.....#####
#######†####......####
>......................
.####.#.##.#......####.
#.................#
#.....)@.(........#
#.................#
................#.##
##................#
######
#...........[..#####
#<...#
#..........#.......#
####.#
#..........#.#......
#.#
######.#...#.#...#..
#.# #..........#.### .


There were no monsters in sight!

Vanquished Creatures
  2 adders (D:2)
  5 bats (D:1)
  2 giant cockroaches (D:1)
  4 goblins
  A hobgoblin (D:2)
  A quokka (D:2)
  A frilled lizard (D:1)
  2 kobolds (D:1)
  A rat (D:1)
19 creatures vanquished.

Notes
Turn   | Place    | Note
-------+----------+-------------------------------------------
     0 | D:1      | con220 the Draconian Conjurer began the quest for the Orb.
     0 | D:1      | Reached XP level 1. HP: 14/14 MP: 3/3
   264 | D:1      | Reached XP level 2. HP: 20/20 MP: 1/5
   984 | D:2      | Reached skill level 1 in Fighting
  1232 | D:2      | HP: 1/23 [adder (2)]
  1235 | D:2      | Reached XP level 3. HP: 2/28 MP: 4/6
  1237 | D:2      | HP: 1/42 [poisoned by an adder]
  1242 | D:2      | HP: 1/28 [poisoned by an adder]
  1244 | D:2      | Succumbed to an adder's poison

Skill      XL: |  1  2 |
---------------+-------+-----
Fighting       | 1 |  1.3
Short Blades   | |  0.4
Dodging        | |  1.9
Stealth        | |  1.9
Unarmed Combat | |  0.2
Spellcasting   | |  2.1
Conjurations   | |  4.4

Action                   || total
-------------------------++-------
Melee: Unarmed           ||    10
       Dagger            ||    21
 Cast: Magic Dart        ||    31
  Use: Potion            ||     2
       Scroll            ||     2
 Stab: Invisible         ||     1
  Eat: Bread ration      ||     1
Armor: Skin              ||    29
Dodge: Dodged            ||    61
